 Dungeon Crawl Stone Soup version 0.27.1-34-g3ba077fa99 (webtiles) character file.

Game seed: 17051048977544475853

66 NotreDorf the Grave Robber (level 3, -3/26 HPs)
             Began as a Mummy Necromancer on Jan 10, 2022.
             Shot with a stone by a goblin (6 damage)
             ... led by Robin
             ... on level 2 of the Dungeon.
             The game lasted 00:10:17 (2000 turns).

NotreDorf the Grave Robber (Mummy Necromancer)      Turns: 2000, Time: 00:10:19

Health: -3/26      AC:  4    Str: 11    XL:     3   Next: 96%
Magic:  3/8        EV: 12    Int: 15    God:
Gold:   52         SH:  0    Dex: 12    Spells: 8/9 levels left

rFire    x . .     SeeInvis .   b - +2 dagger (venom)
rCold    + . .     Faith    .   (no shield)
rNeg     + + +     Spirit   .   a - +0 robe
rPois    ∞         Reflect  .   c - +0 helmet
rElec    .         Harm     .   j - scarf {repulsion}
rCorr    .         Rampage  .   i - +0 pair of gloves
Will     .....                  (no boots)
Stlth    ++........             (no amulet)
HPRegen  0.08/turn              (no ring)
MPRegen  0.11/turn              (no ring)

@: repel missiles
A: cold resistance 1, negative energy resistance 3, torment resistance 2, heat
vulnerability 1, no potions
a: no special abilities


You were on level 2 of the Dungeon.
You visited 1 branch of the dungeon, and saw 2 of its levels.

You collected 52 gold pieces.

Inventory:

Hand Weapons
 b - a +2 dagger of venom (weapon)
Missiles
 d - 5 poisoned darts (quivered)
Armour
 a - a +0 robe (worn)
 c - a +0 helmet (worn)
 i - a +0 pair of gloves (worn)
 j - a scarf of repulsion (worn)
Jewellery
 k - an amulet of the acrobat
Scrolls
 e - a scroll of enchant weapon {unknown}
 f - a scroll of identify {unknown}
 g - a scroll of enchant armour {unknown}
 h - a scroll of immolation {unknown}


   Skills:
 + Level 1.5 Fighting
 + Level 2.1 Dodging
 - Level 1.5 Stealth
 + Level 3.5 Spellcasting
 + Level 4.4 Necromancy


You had 8 spell levels left.
You knew the following spells:

 Your Spells              Type           Power      Damage    Failure   Level
a - Pain                  Necr           60%        1d7       3%          1

Your spell library contained the following spells:

 Spells                   Type           Power      Damage    Failure   Level
 Animate Skeleton         Necr           30%        N/A       3%          1
 Vampiric Draining        Necr           7%         2d7       10%         3
 Animate Dead             Necr           7%         N/A       30%         4
 Ozocubu's Armour         Ice            2%         N/A       50%         3
 Agony                    Necr           15%        N/A       65%         5
 Ozocubu's Refrigeration  Ice            1%         4d5       100%        7


Dungeon Overview and Level Annotations

Branches:
Dungeon (2/15)

Altars:

Shops:
D:1 ?   D:2 =

Annotations:
D:2 Robin


Innate Abilities, Weirdness & Mutations

You are immune to poison.
Your flesh is cold resistant. (rC+)
You are immune to negative energy. (rN+++)
You are immune to unholy pain and torment.
You are vulnerable to heat. (rF-)
You do not drink.


Message History

The goblins go into a battle-frenzy!
A goblin comes into view. It is wielding a +0 club.
Robin throws the goblin at you! The goblin closely misses you.
You hear a zap.
You hear a grinding noise.
The goblin hits you with a +0 club.
There is a faded altar of an unknown god here.
The goblin unwields a +0 club.
The goblin wields a +0 hunting sling.
The goblin shoots a stone.
The stone closely misses you.
You hear a zap.
You hear a grinding noise.
Throw: 8 darts (poison)
Press: ? - help, Q - select action, (/) - cycle Shift-Dir - straight line, f - goblin
Aim: a goblin, wielding a +0 hunting sling and quivering stones (strong, 47% to hit)
You throw a poisoned dart. The poisoned dart hits the goblin.
The goblin is poisoned.
Throw: 7 darts (poison)
Press: ? - help, Q - select action, (/) - cycle Shift-Dir - straight line, f/p - goblin
Aim: a goblin, wielding a +0 hunting sling and quivering stones (strong, 47% to hit)
You throw a poisoned dart.
The poisoned dart closely misses the goblin.
The poisoned dart barely misses the goblin.
The poisoned dart closely misses the goblin.
The poisoned dart closely misses the goblin.
You kill the goblin!
You hit the goblin.
The goblin is poisoned.
The goblin is severely wounded.
The goblin hits you with a +6 dagger!
Ouch! That really hurt!
The goblin no longer looks unusually strong.
You kill the goblin!
The goblin shoots a stone.
The stone hits you.
Throw: 6 darts (poison)
Press: ? - help, Q - select action, (/) - cycle Shift-Dir - straight line, f/p - goblin
Aim: a goblin, wielding a +0 hunting sling and quivering stones (strong, 47% to hit)
You throw a poisoned dart.
The poisoned dart closely misses the goblin.
The goblin shoots a stone.
The stone hits you.
* * * LOW HITPOINT WARNING * * *
The goblin shoots a stone.
The stone barely misses you.
The goblin shoots a stone.
The stone hits you.
You die...

# #(# # #g# #g#
##g# ########
#).# .......#
#.## ######.# #.#
######.#
##.####.#
....##.#
#@......#
###.##.#
#..######
#.##.#########..#
#...............#
#.#........####.#
###.#..###...#
#.#
.......####.##
#.# ........# #.#
#.. #.......# #.#
..


You could see 3 goblins.

Vanquished Creatures
  2 adders (D:2)
  A worm (D:2)
  A dart slug (D:1)
  3 ball pythons
  2 bats
  An endoplasm (D:2)
  5 goblins
  6 hobgoblins
  4 jackals (D:1)
  5 kobolds
  2 quokkas
  4 frilled lizards
  3 rats
39 creatures vanquished.

Notes
Turn   | Place    | Note
-------+----------+-------------------------------------------
     0 | D:1      | NotreDorf the Mummy Necromancer began the quest for the
                  | Orb.
     0 | D:1      | Reached XP level 1. HP: 13/13 MP: 4/4
   163 | D:1      | Reached XP level 2. HP: 17/20 MP: 0/5
   384 | D:1      | Found Sosauqen's Magic Scroll Shop.
  1012 | D:1      | Reached skill level 1 in Fighting
  1393 | D:1      | You fall into a shaft and drop 1 floor!
  1396 | D:2      | Reached XP level 3. HP: 26/26 MP: 5/7
  1866 | D:2      | Found Biov's Jewellery Boutique.
  1938 | D:2      | Found a faded altar of an unknown god.
  1983 | D:2      | Noticed Robin
  2000 | D:2      | Shot with a stone by a goblin

Illustrated notes

Levels and vault maps discovered:
D:1:      mrwooster_arrival_statue_3, layout_basic, serial_shops, shop_statue
D:2:      layout_loops_ring, serial_shops, shop_fountains,
          basic_ecumenical_altar, uniq_robin

Skill      XL: |  1  2 |
---------------+-------+-----
Spellcasting   | 3 |  3.5
Fighting       | 1 |  1.5
Dodging        | 2 |  2.1
Stealth        | |  1.5
Necromancy     | |  4.4

Action                   || total
-------------------------++-------
Melee: Dagger            ||    17
Throw: Dart              ||     3
 Cast: Pain              ||    56
 Stab: Sleeping          ||     1
Armor: Robe              ||     5
Dodge: Dodged            ||    13
